 Dungeon Sprint DCSS version 0.29-a0-356-g7bc237e783 (webtiles) character file.

Game seed: 8928699413615450621

126 Zeldest the Chopper (level 4, 0/45 HPs)
             Began as a Deep Dwarf Fighter on Apr 25, 2022.
             Was an Initiate of Jiyva.
             Slain by a two-headed ogre
             ... wielding a +0 dire flail
              (12 damage)
             ... in the Dungeon (Sprint IX: "|||||||||||||||||||||||||||||").
             The game lasted 00:01:18 (114 turns).

Zeldest the Chopper (Deep Dwarf Fighter)             Turns: 114, Time: 00:01:19

Health: 0/45       AC: 13    Str: 27    XL:     4   Next: 83%
Magic:  4/4        EV:  8    Int: 12    God:    Jiyva [......]
Gold:   0          SH:  4    Dex: 12    Spells: 3/3 levels left

rFire   . . .      SeeInvis .   n - +2 rapier of the Lettuce {elec, rC+ Str+3 Int+3}
rCold   + . .      Faith    .   c - +0 buckler
rNeg    . . .      Spirit   .   p - +0 plate armour
rPois   .          Reflect  .   (no helmet)
rElec   .          Harm     .   o - +0 cloak
rCorr   .          Rampage  .   (no gloves)
Will    .....      NoTele   +   (no boots)
Stlth   ..........              (no amulet)
HPRegen 0.00/turn               q - +3 ring of strength
MPRegen 0.09/turn               (no ring)

@: no status effects
A: damage resistance, heal wounds, sense surroundings 1, no regeneration
a: Heal Wounds, Renounce Religion


You were in the Dungeon.
You worshipped Jiyva.
Jiyva was noncommittal.
You visited 1 branch

Inventory:

Hand Weapons
 a - a +0 war axe
 m - a +3 vorpal war axe
 n - the +2 rapier of the Lettuce (weapon) {elec, rC+ Str+3 Int+3}
   (You found it in the Dungeon)

   It occasionally discharges a powerful burst of electricity upon striking a
   foe.
   Str:       It affects your strength (+3).
   Int:       It affects your intelligence (+3).
   rC:        It protects you from cold.
Armour
 b - a +0 scale mail
 c - a +0 buckler (worn)
 o - a +0 cloak (worn)
 p - a +0 plate armour (worn)
Jewellery
 q - a +3 ring of strength (left hand)
 r - a +3 ring of intelligence
Wands
 l - a wand of acid (9)
Scrolls
 j - 2 scrolls of blinking
 k - 2 scrolls of amnesia
Potions
 d - a potion of invisibility
 e - 4 potions of curing
 f - 3 potions of heal wounds
 g - a potion of haste
 h - 4 potions of magic
 i - a potion of berserk rage


   Skills:
 + Level 4.7 Fighting
 * Level 0.0 Short Blades
 - Level 7.0 Axes
 + Level 5.7 Armour
 + Level 4.4 Dodging
 - Level 3.2 Shields
 + Level 0.0 Evocations


You had 3 spell levels left.
You didn't know any spells.
Your spell library was empty.

Dungeon Overview and Level Annotations

Branches:
Dungeon (1/1)

Altars:
Cheibriados
Dithmenos
Elyvilon
Fedhas
Gozag
Hepliaklqana
Kikubaaqudgha
Makhleb
Nemelex Xobeh
Okawaru
Qazlal
Ru
Sif Muna
Trog
Uskayaw
Vehumet
Wu Jian
Xom
Yredelemnul
Zin
The Shining One
Beogh
Jiyva
Lugonu


Innate Abilities, Weirdness & Mutations

You are resistant to damage.
You can heal yourself by infusing magical energy.
You passively map a small area around you.
You do not regenerate.


Message History

You start putting on your armour.
You continue putting on your +0 plate armour. x5
You finish putting on your +0 plate armour.
q - a +3 ring of strength
r - a +3 ring of intelligence You feel stronger.
q - a +3 ring of strength (left hand)
You feel better.
You open the door.
An orc warrior, a wight, 2 trolls, a kobold brigand and a two-headed ogre come into view.
The kobold brigand is wielding a +0 dagger and quivering poisoned darts.
The orc warrior shouts!
The troll shouts! x2
Aiming: Corrosive Bolt
Press: ? - help, Shift-Dir - straight line, f - two-headed ogre
Aim: a two-headed ogre, wielding a +0 dire flail and a +0 giant club (86% to hit)
The bolt of acid hits the two-headed ogre!
The two-headed ogre is moderately wounded.
The bolt of acid hits the kobold brigand!
The acid corrodes the kobold brigand!
The kobold brigand is severely wounded.
The bolt of acid hits the troll!
The acid corrodes the troll!
The troll is moderately wounded.
The bolt of acid hits the troll!
The troll is moderately wounded.
You block the two-headed ogre's attack.
The two-headed ogre hits you with a +0 giant club!
You hit the two-headed ogre.
Lightning courses through the two-headed ogre!!
The two-headed ogre is severely wounded.
The two-headed ogre closely misses you.
The two-headed ogre hits you with a +0 giant club!
You puncture the two-headed ogre!
The two-headed ogre is almost dead.
The two-headed ogre hits you with a +0 dire flail!
* * * LOW HITPOINT WARNING * * *
The two-headed ogre closely misses you.
You completely miss the two-headed ogre.
The two-headed ogre is almost dead.
The two-headed ogre hits you with a +0 dire flail!
You die...

+ ▓.▓
* ▓o▓,
,* ▓z▓
, *
▓T▓ *
*, ▓T▓
*,*
▓K▓
▓O▓,*,
* ▓@▓
, ▓.▓
▓.▓ *
▓[▓,*
* ▓.▓
* ▓.▓,
,* ▓)▓
,* *
▓.▓ *
▓.▓,*,


You could see a two-headed ogre, 2 trolls, an orc warrior, a kobold brigand
(corroded) and a wight.

Vanquished Creatures
  An ogre (D)
  A hound (D)
  A shadow imp (D)
  An orc (D)
  2 endoplasms (D)
  A hobgoblin (D)
  2 quokkas (D)
  A frilled lizard (D)
10 creatures vanquished.

Vanquished Creatures (others)
  2 great orbs of eyes (D)
  A two-headed ogre (shapeshifter) (D)
  A vault sentinel (D)
  3 slime creatures (D)
7 creatures vanquished.

Grand Total: 17 creatures vanquished

Notes
Turn   | Place    | Note
-------+----------+-------------------------------------------
     0 | D        | Zeldest the Deep Dwarf Fighter began the quest for the Orb.
     0 | D        | Reached XP level 1. HP: 20/20 MP: 1/1
     9 | D        | Reached skill level 1 in Dodging
    13 | D        | Reached skill level 3 in Axes
    26 | D        | Noticed an ogre
    26 | D        | Noticed a hound
    32 | D        | Killed a hound
    33 | D        | Reached skill level 4 in Axes
    33 | D        | Reached XP level 2. HP: 24/30 MP: 2/2
    33 | D        | Reached XP level 3. HP: 28/36 MP: 3/3
    35 | D        | Killed an ogre
    36 | D        | Reached skill level 6 in Axes
    36 | D        | Reached skill level 5 in Armour
    36 | D        | Reached XP level 4. HP: 36/45 MP: 4/4
    40 | D        | Reached skill level 7 in Axes
    47 | D        | Found a snail-covered altar of Cheibriados.
    47 | D        | Found a shadowy altar of Dithmenos.
    47 | D        | Found a white marble altar of Elyvilon.
    47 | D        | Found a blossoming altar of Fedhas.
    47 | D        | Found an opulent altar of Gozag.
    48 | D        | Found a hazy altar of Hepliaklqana.
    49 | D        | Found a viscous altar of Jiyva.
    50 | D        | Found an ancient bone altar of Kikubaaqudgha.
    51 | D        | Found a corrupted altar of Lugonu.
    52 | D        | Found a burning altar of Makhleb.
    53 | D        | Found a sparkling altar of Nemelex Xobeh.
    54 | D        | Found an iron altar of Okawaru.
    55 | D        | Found a stormy altar of Qazlal.
    56 | D        | Found a sacrificial altar of Ru.
    57 | D        | Became a worshipper of Jiyva Jeoxkiy the Shapeless
    58 | D        | Found a shimmering blue altar of Sif Muna.
    58 | D        | Killed a slime creature
    58 | D        | Killed a slime creature
    59 | D        | Found a bloodstained altar of Trog.
    59 | D        | Killed a vault sentinel
    59 | D        | Killed a great orb of eyes
    60 | D        | Found a hide-covered altar of Uskayaw.
    61 | D        | Found a radiant altar of Vehumet.
    61 | D        | Killed a slime creature
    62 | D        | Found an ornate altar of the Wu Jian Council.
    63 | D        | Found a shimmering altar of Xom.
    63 | D        | Killed a great orb of eyes
    64 | D        | Found a basalt altar of Yredelemnul.
    65 | D        | Found a glowing silver altar of Zin.
    66 | D        | Found a glowing golden altar of the Shining One.
    69 | D        | Killed a two-headed ogre
    83 | D        | Got the +2 rapier of the Lettuce {elec, rC+ Str+3 Int+3}
   110 | D        | Noticed an orc warrior
   110 | D        | Noticed a troll
   110 | D        | Noticed a troll
   110 | D        | Noticed a kobold brigand
   110 | D        | Noticed a two-headed ogre
   114 | D        | Slain by a two-headed ogre

Illustrated notes

Levels and vault maps discovered:
D:        linesprint [early_d, line_temple, items_1, d_10, items_2, lair_1,
          lair_end, items_3, orc_1, orc_end, items_4, d_15, swamp_1, shoals_1,
          snake_1, spider_1, d_20, vaults_1, items_5, swamp_end, shoals_end,
          snake_end, spider_end, vaults_end, d_27, items_6, zot_1, zot_end,
          crypt_end, forest_end, elf_end, slime_end, tomb_end, abyss_end,
          pan_hell_end]

Skill      XL: |  1  2  3  4 |
---------------+-------------+-----
Dodging        | 2 4 |  4.4
Fighting       | 3 4 |  4.7
Axes           | 4 6 7 |  7.0
Armour         | 4 5 |  5.7
Shields        | |  3.2

Action                   |  1- 3 |  4- 6 || total
-------------------------+-------+-------++-------
Melee: War axe           |    24 |     5 ||    29
       Rapier            |       |     3 ||     3
Evoke: Wand              |       |     1 ||     1
  Use: Potion            |     1 |     1 ||     2
Armor: Scale mail        |    11 |       ||    11
Dodge: Dodged            |     8 |     4 ||    12
Block: Buckler           |     8 |     1 ||     9

Table legend: (Time is in decaauts)
 A = Elapsed time spent in this place.
 B = Non-inter-level travel time spent in this place.
 C = Inter-level travel time spent in this place.
 D = Time resting spent in this place.
 E = Time spent auto-exploring this place.
 F = Levels seen in this place.
 G = Mean time per level.
                   A        B        C        D        E       F      G
               +--------+--------+--------+--------+--------+-----+--------+
         Total |    123 |    123 |      0 |      0 |      0 |   1 |  123.0 |
       Dungeon |    123 |    123 |      0 |      0 |      0 |   1 |  123.0 |
               +--------+--------+--------+--------+--------+-----+--------+

Top non-repeatable levels by time:
       D: 123 daAuts
